 Dungeon Crawl Stone Soup version 0.19.1-1-g22dce08 (webtiles) character file.

5441 Murfle the Basher (level 10, -8/91 HPs)
             Began as a Minotaur Fighter on Jan 15, 2017.
             Was a Believer of the Shining One.
             Mangled by a wyvern (11 damage)
             ... on level 9 of the Dungeon.
             The game lasted 00:34:30 (9542 turns).

Murfle the Basher (Minotaur Fighter)                Turns: 9542, Time: 00:34:30

Health: -8/91      AC: 13    Str: 28    XL:     10   Next: 41%
Magic:  12/12      EV:  8    Int:  5    God:    the Shining One [**....]
Gold:   279        SH: 12    Dex: 13    Spells: 0 memorised, 9 levels left

rFire  . . .     SeeInvis .     N - +3 long sword (freeze)
rCold  . . .     Gourm    .     I - +0 chain mail
rNeg   + . .     Faith    .     c - +0 shield
rPois  .         Spirit   .     (helmet restricted)
rElec  .         Reflect  .     (no cloak)
rCorr  .         Harm     .     D - +1 pair of gloves
MR     .....     Rnd*Tele +     (no boots)
Stlth  ..........               y - amulet of rage
                                (no ring)
                                (no ring)

@: mighty, about to teleport, glowing
A: retaliatory headbutt, horns 2, agile 1, teleportitis 1
a: Divine Shield, Renounce Religion, Evoke Berserk Rage


You were on level 9 of the Dungeon.
You worshipped the Shining One.
The Shining One was pleased with you.
You were not hungry.

You visited 2 branches of the dungeon, and saw 10 of its levels.

You collected 279 gold pieces.

Inventory:

Hand Weapons
 p - a +0 mace
 J - a +5 falchion
 N - a +3 long sword of freezing (weapon)
 O - a +4 scimitar
Missiles
 g - 2 stones (quivered)
Armour
 c - a +0 shield (worn)
 k - +0 steam dragon scales
 D - a +1 pair of gloves (worn)
 I - a +0 chain mail (worn)
 M - the cursed +0 leather armour of the Sea {rC+ MR- Dex+4, unknown}
   (You found it on level 8 of the Dungeon)

   It affects your dexterity (+4).
   It protects you from cold.
   It affects your resistance to hostile enchantments.
   It has a curse placed upon it.
 P - a +0 ring mail of fire resistance
Jewellery
 y - an amulet of rage (around neck)
 B - an uncursed ring of ice
 G - an uncursed amulet of magic regeneration
Wands
 s - a wand of disintegration (14/24)
Scrolls
 e - 2 scrolls of remove curse
 h - 2 scrolls of teleportation
 m - 3 scrolls of identify
 A - a scroll of amnesia
 E - a scroll of enchant armour
 L - a scroll of recharging
Potions
 b - a potion of lignification {unknown}
 d - a potion of might
 i - a potion of curing {unknown}
 j - 2 potions of haste
 l - a potion of cancellation
 n - a potion of agility {unknown}
 q - a potion of beneficial mutation {unknown}
 r - a potion of flight
 v - a potion of heal wounds
 w - a potion of mutation {unknown}
 x - 2 potions of invisibility
 z - a potion of degeneration {unknown}
 K - a potion of brilliance {unknown}
Books
 f - a book of Frost

   Spells                             Type                      Level
   a - Freeze                         Ice                          1
   b - Throw Frost                    Conjuration/Ice              2
   c - Ozocubu's Armour               Charms/Ice                   3
   d - Throw Icicle                   Conjuration/Ice              4
   e - Summon Ice Beast               Ice/Summoning                4
 C - a book of the Tempests

   Spells                             Type                      Level
   a - Static Discharge               Conjuration/Air              3
   b - Lightning Bolt                 Conjuration/Air              5
   c - Fireball                       Conjuration/Fire             5
   d - Tornado                        Air                          9
   e - Shatter                        Earth                        9
 F - a book of Callings

   Spells                             Type                      Level
   a - Summon Small Mammal            Summoning                    1
   b - Call Imp                       Summoning                    2
   c - Call Canine Familiar           Summoning                    3
   d - Summon Guardian Golem          Hexes/Summoning              3
   e - Summon Lightning Spire         Summoning/Air                4
   f - Summon Ice Beast               Ice/Summoning                4
 H - a book of Conjurations

   Spells                             Type                      Level
   a - Magic Dart                     Conjuration                  1
   b - Searing Ray                    Conjuration                  2
   c - Dazzling Spray                 Conjuration/Hexes            3
   d - Fulminant Prism                Conjuration/Hexes            4
   e - Iskenderun's Mystic Blast      Conjuration                  4
   f - Iskenderun's Battlesphere      Conjuration/Charms           5
Comestibles
 a - 2 chunks of flesh
 o - a beef jerky
 t - 3 meat rations
 u - 5 slices of pizza


   Skills:
 * Level 9.4 Fighting
   Level 2.1(2.7) Short Blades
 + Level 2.8(3.3) Long Blades
 - Level 10.1 Maces & Flails
 + Level 8.4 Armour
 - Level 1.3 Dodging
 + Level 8.3 Shields
 * Level 4.8 Evocations


You had 9 spell levels left.
You didn't know any spells.

Dungeon Overview and Level Annotations

Branches:
Dungeon (9/15)             Temple (1/1) D:7
   Lair: D:8-11         Orc: D:9-12

Altars:
Ashenzari
Cheibriados
Dithmenos
Elyvilon
Fedhas
Gozag
Hepliaklqana
Kikubaaqudgha
Makhleb
Nemelex Xobeh
Okawaru
Qazlal
Ru
Sif Muna
Trog
Uskayaw
Vehumet
Xom
Yredelemnul
Zin
The Shining One


Innate Abilities, Weirdness & Mutations

You reflexively headbutt those who attack you in melee.
You have a pair of horns on your head.
You are agile. (Dex +2)
You are occasionally teleported next to monsters.


Message History

* * * LOW HITPOINT WARNING * * *
You block the wyvern's attack.
Some of the chunks of flesh in your inventory have rotted away.
You feel very mighty all of a sudden. You block the wyvern's attack.
You slash the wyvern! You freeze the wyvern. Your headbutt misses the wyvern.
The wyvern is severely wounded.
The wyvern bites you.
* * * LOW HITPOINT WARNING * * *
The wyvern bites you.
* * * LOW HITPOINT WARNING * * *
A wight comes into view. It is wielding an enchanted falchion.
As you read the scroll of teleportation, it crumbles to dust.
You feel strangely unstable. The wyvern bites you!
* * * LOW HITPOINT WARNING * * *
The wyvern closely misses you.
You riposte.
You hit the wyvern. You freeze the wyvern. Your headbutt misses the wyvern.
The wyvern is severely wounded.
The wyvern bites you!
You die...

#### ....? ...#
.###..#####
.'_'......#
###...@..# #######
........l.# .......
.........z##.......
..........z.K.z....
.........).#.......
.........(##.......
####.###### .......
#. #.##### # .#


You could see a wyvern and 2 wights.

Vanquished Creatures
  Pikel (D:8)
  A wyvern (D:8)
  4 yaks (D:9)
  2 steam dragons
  An orc warrior (D:7)
  2 sky beasts (D:6)
  An eye of draining (D:7)
  5 centaurs
  5 ogres
  2 phantoms
  A crocodile (D:7)
  A big kobold (D:8)
  3 bullfrogs
  A wyvern zombie (D:7)
  2 wyvern skeletons
  3 scorpions
  A water moccasin skeleton (D:7)
  8 wights
  3 jellies (D:9)
  2 howler monkeys (D:4)
  A centaur zombie (D:7)
  7 crimson imps
  A bullfrog skeleton (D:9)
  2 centaur skeletons
  5 orc priests
  4 hounds
  A gnoll shaman (D:4)
  Jessica (D:6)
  2 iguanas
  6 orc wizards
  4 worker ants
  A hound zombie (D:6)
  3 hound skeletons
  A worker ant zombie (D:7)
  5 gnolls (D:4)
  A howler monkey skeleton (D:4)
  10 adders
  5 shadow imps
  2 adder skeletons
  2 adder zombies
  4 worms
  2 dart slugs (D:1)
  11 leopard geckos
  35 orcs
  2 ball pythons
  5 giant cockroaches
  5 goblins
  10 hobgoblins
  15 jackals
  3 quokkas
  5 bats
  3 frilled lizards
  14 kobolds
  5 rats
  A spectral orc (D:7)
233 creatures vanquished.

Vanquished Creatures (others)
  A two-headed ogre (D:8)
  2 slaves (D:8)
  A centaur (D:8)
  A giant cockroach (D:8)
5 creatures vanquished.

Grand Total: 238 creatures vanquished

Notes
Turn   | Place    | Note
-------+----------+-------------------------------------------
     0 | D:1      | Murfle the Minotaur Fighter began the quest for the Orb.
     0 | D:1      | Reached XP level 1. HP: 19/19 MP: 0/0
   571 | D:1      | Reached XP level 2. HP: 23/27 MP: 1/1
  1112 | D:2      | Reached XP level 3. HP: 31/33 MP: 2/2
  1222 | D:2      | Reached skill level 3 in Maces & Flails
  1245 | D:2      | Found a hazy altar of Hepliaklqana.
  1264 | D:2      | Reached XP level 4. HP: 10/40 MP: 3/3
  1663 | D:2      | Found a glowing silver altar of Zin.
  1663 | D:2      | Found a stormy altar of Qazlal.
  2084 | D:3      | Reached skill level 4 in Maces & Flails
  2160 | D:3      | Reached XP level 5. HP: 46/46 MP: 4/4
  2215 | D:3      | Found a shimmering altar of Xom.
  2215 | D:3      | Found a shimmering altar of Xom.
  2215 | D:3      | Found a shimmering altar of Xom.
  2264 | D:3      | Reached skill level 5 in Shields
  2330 | D:3      | Reached skill level 1 in Dodging
  3029 | D:3      | Reached skill level 5 in Maces & Flails
  3029 | D:3      | Reached XP level 6. HP: 44/53 MP: 5/5
  3610 | D:4      | Reached skill level 5 in Armour
  3674 | D:4      | Noticed a dagger
  3700 | D:4      | Reached XP level 7. HP: 49/60 MP: 6/6
  3921 | D:4      | Reached skill level 6 in Maces & Flails
  4059 | D:4      | Reached skill level 5 in Fighting
  4333 | D:4      | Noticed a dagger
  4338 | D:4      | Reached skill level 1 in Evocations
  4349 | D:4      | Found a hide-covered altar of Uskayaw.
  4476 | D:5      | Entered Level 5 of the Dungeon
  4476 | D:5      | Noticed a steam dragon
  4489 | D:5      | Killed a steam dragon
  4823 | D:5      | Found a shadowy altar of Dithmenos.
  4929 | D:5      | Reached XP level 8. HP: 70/70 MP: 8/8
  5145 | D:5      | Reached skill level 7 in Maces & Flails
  5341 | D:5      | Found an ancient bone altar of Kikubaaqudgha.
  5342 | D:5      | Found a snail-covered altar of Cheibriados.
  5714 | D:6      | Noticed Jessica
  5720 | D:6      | Killed Jessica
  5723 | D:6      | Found a deep blue altar of Sif Muna.
  5930 | D:6      | HP: 2/71 [something (6)]
  5970 | D:6      | Gained mutation: You are weak. (Str -2) [mutagenic meat]
  5971 | D:6      | Lost mutation: You are weak. (Str -2) [mutagenic meat]
  5972 | D:6      | Gained mutation: You are agile. (Dex +2) [mutagenic meat]
  5973 | D:6      | Gained mutation: You are occasionally teleported next to monsters. [mutagenic meat]
  6357 | D:6      | Reached skill level 8 in Maces & Flails
  6959 | D:7      | Reached XP level 9. HP: 61/79 MP: 10/10
  7244 | D:7      | Found a basalt altar of Yredelemnul.
  7331 | D:7      | Found a staircase to the Ecumenical Temple.
  7346 | Temple   | Entered the Ecumenical Temple
  7402 | Temple   | Became a worshipper of the Shining One
  7629 | D:7      | Reached skill level 9 in Maces & Flails
  7750 | D:8      | Noticed Pikel
  7765 | D:8      | Killed Pikel
  8279 | D:8      | Got a shimmering leather armour
  8299 | D:8      | Found a glowing silver altar of Zin.
  8312 | D:8      | Reached skill level 10 in Maces & Flails
  8601 | D:8      | Reached * piety under the Shining One
  8686 | D:8      | Reached XP level 10. HP: 90/90 MP: 12/12
  8841 | D:9      | Found a white marble altar of Elyvilon.
  8878 | D:9      | Reached skill level 1 in Short Blades
  9249 | D:9      | Reached ** piety under the Shining One
  9249 | D:9      | Reached skill level 1 in Long Blades
  9505 | D:9      | Found a radiant altar of Vehumet.
  9539 | D:9      | HP: 3/91 [wyvern (9)]
  9542 | D:9      | Mangled by a wyvern

Skill      XL: |  1  2  3  4  5  6  7  8  9 10 |
---------------+-------------------------------+-----
Shields        | 4 5 6 7 8 |  8.3
Armour         | 4 5 6 7 8 |  8.4
Maces & Flails | 3 4 5 6 8 10 | 10.1
Fighting       | 4 5 7 8 9 |  9.4
Dodging        | 1 |  1.3
Evocations     | 1 3 4 |  4.8
Short Blades   | 2 |  2.1
Long Blades    | 2 |  2.8

Action                   |  1- 3 |  4- 6 |  7- 9 | 10-12 || total
-------------------------+-------+-------+-------+-------++-------
Melee: Mace              |   103 |   227 |   462 |    10 ||   802
       Headbutt          |     9 |    32 |   102 |    25 ||   168
       Long sword        |       |       |       |    78 ||    78
Throw: Throwing net      |       |       |     2 |       ||     2
       Javelin           |       |       |     9 |       ||     9
Evoke: Wand              |       |       |     2 |       ||     2
  Use: Scroll            |       |     7 |     4 |     5 ||    16
       Potion            |       |       |     2 |     3 ||     5
  Eat: Chunk             |     1 |     8 |    16 |     3 ||    28
       Bread ration      |       |       |     1 |       ||     1
Armor: Scale mail        |    56 |    91 |   106 |       ||   253
       Chain mail        |       |       |    40 |    47 ||    87
Dodge: Dodged            |    46 |    66 |    92 |    20 ||   224
Block: Shield            |    69 |   106 |   218 |    73 ||   466
       Rpst.: Long sword |       |       |       |     5 ||     5
